 Dungeon Crawl Stone Soup version 0.28.0 (webtiles) character file.

Game seed: 11823737479012084735

1514 HallandMoats the Chopper (level 8, -6/73 HPs)
             Began as a Minotaur Monk on Feb 6, 2022.
             Was a Believer of the Shining One.
             Mangled by a gnoll sergeant (14 damage)
             ... on level 6 of the Dungeon.
             The game lasted 00:07:45 (5823 turns).

HallandMoats the Chopper (Minotaur Monk)            Turns: 5823, Time: 00:07:47

Health: -6/73      AC:  8    Str: 17    XL:     8   Next: 53%
Magic:  7/7        EV: 14    Int:  7    God:    the Shining One [**....]
Gold:   303        SH:  0    Dex: 20    Spells: 7/7 levels left

rFire   . . .      SeeInvis .   a - +1 hand axe
rCold   . . .      Faith    .   (no shield)
rNeg    + . .      Spirit   .   h - +0 ring mail
rPois   .          Reflect  .   (helmet restricted)
rElec   .          Harm     .   (no cloak)
rCorr   .          Rampage  .   n - +0 pair of gloves
Will    .....                   i - +0 pair of boots
Stlth   +.........              (no amulet)
HPRegen 0.22/turn               f - +6 ring of dexterity
MPRegen 0.10/turn               w - +4 ring of slaying

@: glowing
A: horns 2, retaliatory headbutt
a: Renounce Religion, Divine Shield


You were on level 6 of the Dungeon.
You worshipped the Shining One.
The Shining One was pleased with you.
You visited 1 branch of the dungeon, and saw 6 of its levels.

You collected 303 gold pieces.

Inventory:

Hand Weapons
 a - a +1 hand axe (weapon)
Missiles
 l - a throwing net (quivered)
Armour
 h - a +0 ring mail (worn)
 i - a +0 pair of boots (worn)
 n - a +0 pair of gloves (worn)
Jewellery
 b - a +6 ring of dexterity
 f - a +6 ring of dexterity (left hand)
 j - a ring of positive energy
 w - a +4 ring of slaying (right hand)
Wands
 c - a wand of paralysis (2)
 p - a wand of acid (13)
Scrolls
 u - a scroll of acquirement
Potions
 d - a potion of ambrosia {unknown}
 e - a potion of resistance {unknown}
 k - a potion of curing
 m - 2 potions of cancellation
 o - a potion of mutation {unknown}
 q - a potion of lignification
 r - a potion of degeneration {unknown}
 v - a potion of heal wounds {unknown}


   Skills:
 * Level 7.0 Fighting
 * Level 7.1 Axes
 * Level 5.9 Armour
 * Level 6.3 Dodging
 - Level 1.5 Stealth
 + Level 4.0 Shields


You had 7 spell levels left.
You didn't know any spells.
Your spell library contained the following spells:

 Spells                   Type           Power      Damage    Failure   Level
 Fireball                 Conj/Fire      0%         3d3       100%        5
 Starburst                Conj/Fire      0%         6d3       100%        6
 Ignition                 Fire           0%         3d3       100%        8


Dungeon Overview and Level Annotations

Branches:
Dungeon (6/15)
 Temple: D:4-7

Altars:
Fedhas
Nemelex Xobeh
The Shining One

Shops:
D:2 *


Innate Abilities, Weirdness & Mutations

You have a pair of horns on your head.
You reflexively headbutt those who attack you in melee.


Message History

The gnoll sergeant hits you from afar with a +4 spear of pain.
The gnoll sergeant throws a stone.
The stone barely misses you.
You slash the gnoll!
You kill the gnoll!
You hit the ogre.
The ogre is moderately wounded.
The ogre hits you with a +0 giant club!
The gnoll sergeant drinks a potion.
The gnoll sergeant seems to grow stronger.
An adder comes into view.
The adder bites you but does no damage. The adder closely misses you.
The adder completely misses you. You furiously retaliate!
You headbutt the adder! The adder closely misses you.
The adder bites you but does no damage. The adder bites you.
The adder closely misses you. The adder bites you but does no damage.
The adder barely misses you. You furiously retaliate!
You headbutt the adder!
You kill the adder!
Your Fighting skill increases to level 7!
A black bear comes into view.
The black bear growls angrily.
You slash the black bear! You punch the black bear.
The black bear is heavily wounded.
The black bear barely misses you. The black bear claws you.
The black bear barely misses you.
You slash the black bear!
The black bear is almost dead.
The black bear goes berserk!
You hit the black bear.
The black bear is almost dead.
The black bear bites you but does no damage.
The black bear misses you. The black bear closely misses you.
You slash the black bear!
You kill the black bear!
You barely miss the ogre.
The ogre hits you with a +0 giant club!!
* * * LOW HITPOINT WARNING * * *
The gnoll sergeant hits you from afar with a +4 spear of pain!
You die...

####.)...#
#.#########.###.#
#.##### #.# #.#.#
#.. #.# #.g.# ####
#.# ###.#### #.#
#....# #.# ####.#
#. #.#
#†##############.#
#.@Og.g......†...#
##################


You could see an ogre, a gnoll sergeant (strong) and a gnoll.

Vanquished Creatures
  Prince Ribbit (D:5)
  Eustachio (D:4)
  A water moccasin (D:5)
  3 sky beasts
  2 black bears
  A scorpion (D:5)
  4 orc priests
  2 jellies
  2 orc wizards
  3 iguanas
  A killer bee zombie (D:6)
  9 gnolls
  14 adders
  A shadow imp (D:6)
  2 adder skeletons (D:4)
  A worm (D:2)
  4 dart slugs
  9 orcs
  4 endoplasms
  5 giant cockroaches
  6 goblins
  13 hobgoblins
  4 kobolds
  4 quokkas
  9 ball pythons
  5 bats
  4 frilled lizards
  10 rats
125 creatures vanquished.

Vanquished Creatures (others)
  A plant (D:5)
1 creature vanquished.

Grand Total: 126 creatures vanquished

Notes
Turn   | Place    | Note
-------+----------+-------------------------------------------
     0 | D:1      | HallandMoats the Minotaur Monk began the quest for the Orb.
     0 | D:1      | Reached XP level 1. HP: 19/19 MP: 0/0
   198 | D:1      | Reached XP level 2. HP: 22/27 MP: 1/1
   338 | D:1      | Reached skill level 1 in Armour
   722 | D:1      | Reached XP level 3. HP: 33/33 MP: 2/2
   733 | D:1      | Reached skill level 1 in Shields
  1461 | D:2      | Found Teweosch's General Store.
  1693 | D:2      | Reached XP level 4. HP: 40/40 MP: 3/3
  2352 | D:3      | Reached XP level 5. HP: 47/47 MP: 4/4
  3271 | D:4      | Noticed Eustachio
  3335 | D:4      | Killed Eustachio
  3336 | D:4      | Reached skill level 5 in Fighting
  3336 | D:4      | Reached skill level 5 in Axes
  3336 | D:4      | Reached XP level 6. HP: 36/56 MP: 5/5
  3828 | D:5      | Entered Level 5 of the Dungeon
  4134 | D:5      | Noticed a sky beast
  4145 | D:5      | Killed a sky beast
  4146 | D:5      | Reached skill level 5 in Dodging
  4146 | D:5      | Reached XP level 7. HP: 61/61 MP: 6/6
  4289 | D:5      | Noticed Prince Ribbit
  4297 | D:5      | Killed Prince Ribbit
  4384 | D:5      | Reached skill level 5 in Armour
  4384 | D:5      | Reached XP level 8. HP: 68/70 MP: 7/7
  4750 | D:5      | Found a blossoming altar of Fedhas.
  4750 | D:5      | Found a glowing golden altar of the Shining One.
  4751 | D:5      | Found a sparkling altar of Nemelex Xobeh.
  4785 | D:5      | Became a worshipper of the Shining One
  4785 | D:5      | Reached * piety under the Shining One
  4785 | D:5      | Reached ** piety under the Shining One
  5246 | D:6      | Paralysed by an orc for 4 turns
  5755 | D:6      | Identified a scroll of acquirement
  5823 | D:6      | Mangled by a gnoll sergeant

Illustrated notes

Levels and vault maps discovered:
D:1:      dpeg_arrival_boxes_within_box, layout_basic
D:2:      layout_loops_ring, serial_shops, nicolae_diamond_shop,
          kennysheep_generic_room_10
D:3:      layout_basic, wander_ebering_terrifying_dragon_lair
D:4:      layout_basic, uniq_eustachio
D:5:      layout_loops_ring, gammafunk_temple_overflow_forgotten,
          chequers_serial_rivers_micro_a, eino_tiny_chamber, uniq_prince_ribbit1
D:6:      layout_basic

Skill      XL: |  1  2  3  4  5  6  7  8 |
---------------+-------------------------+-----
Armour         | 1 2 3 4 5 |  5.9
Fighting       | 4 5 6 7 |  7.0
Axes           | 4 5 6 7 |  7.1
Shields        | 1 2 3 4 |  4.0
Dodging        | 4 5 6 |  6.3
Stealth        | |  1.5

Action                   |  1- 3 |  4- 6 |  7- 9 || total
-------------------------+-------+-------+-------++-------
Melee: Hand axe          |    88 |   132 |   124 ||   344
       Headbutt          |    15 |    21 |    27 ||    63
       Punch             |     1 |     1 |     3 ||     5
  Use: Scroll            |       |     6 |     3 ||     9
       Potion            |       |       |     1 ||     1
 Stab: Sleeping          |     1 |     7 |     1 ||     9
       Distracted        |       |     1 |       ||     1
Armor: Robe              |    12 |       |       ||    12
       Ring mail         |    11 |    35 |    49 ||    95
       Skin              |       |       |     9 ||     9
Dodge: Dodged            |    74 |    95 |    85 ||   254
